 Dungeon Crawl Stone Soup version 0.28-a0-245-g639a1a48b9 (webtiles) character file.

Game seed: 14079551814016703724

94 rabbitsville the Chopper (level 4, -1/41 HPs)
             Began as a Hill Orc Monk on Aug 25, 2021.
             Succumbed to a scorpion's poison
             ... on level 3 of the Dungeon.
             The game lasted 00:11:17 (3780 turns).

rabbitsville the Chopper (Hill Orc Monk)            Turns: 3780, Time: 00:11:17

Health: -1/41      AC:  5    Str: 13 (14) XL:     4   Next: 63%
Magic:  4/4        EV: 11    Int:  8 (10) God:
Gold:   87         SH:  0    Dex: 11 (13) Spells: 3/3 levels left

rFire   . . .      SeeInvis .   a - +1 hand axe
rCold   . . .      Faith    .   (no shield)
rNeg    . . .      Spirit   .   n - +0 ring mail
rPois   .          Reflect  .   (no helmet)
rElec   .          Harm     .   (no cloak)
rCorr   .          Rampage  .   (no gloves)
Will    .....                   (no boots)
Stlth   +.........              (no amulet)
HPRegen 0.13/turn               h - ring of flight
MPRegen 0.09/turn               (no ring)

@: lethally poisoned (-1 -> -17), flying
A: no striking features
a: no special abilities


You were on level 3 of the Dungeon.
You visited 1 branch of the dungeon, and saw 4 of its levels.

You collected 87 gold pieces.

Inventory:

Hand Weapons
 a - a +1 hand axe (weapon)
Missiles
 e - 5 atropa-tipped darts (quivered)
 k - 3 datura-tipped darts
 m - a throwing net
Armour
 n - a +0 ring mail (worn)
Jewellery
 h - a ring of flight (left hand)
Scrolls
 c - a scroll of teleportation {unknown}
 d - a scroll of enchant weapon
 i - a scroll of fear {unknown}
 j - a scroll of immolation {unknown}


   Skills:
 + Level 4.6 Fighting
 * Level 6.1 Axes
 - Level 2.4 Dodging
 - Level 1.5 Stealth


You had 3 spell levels left.
You didn't know any spells.
Your spell library contained the following spells:

 Spells                   Type           Power      Damage    Failure   Level
 Frozen Ramparts          Ice            0%         1d2       96%         3
 Ice Form                 Ice/Tmut       0%         N/A       100%        4
 Summon Ice Beast         Ice/Summ       0%         N/A       100%        4


Dungeon Overview and Level Annotations

Branches:
Dungeon (4/15)
 Temple: D:4-7

Altars:
Vehumet

Annotations:
D:3 1 runed translucent door, exclusion: statue, CzarTim's ghost, amateur DjGl
D:4 Edmund


Message History

The scorpion appears confused.
The scorpion seems less confused.
The scorpion misses you.
The scorpion stings you but does no damage.
The scorpion stings you.
You hit the scorpion.
The scorpion is moderately wounded.
The scorpion stings you. The scorpion completely misses you.
You closely miss the scorpion.
The scorpion is moderately wounded.
The scorpion stings you.
You are poisoned.
The scorpion poisons you!
You closely miss the scorpion.
The scorpion is moderately wounded.
You feel very sick. The scorpion stings you.
You are more poisoned.
The scorpion poisons you!
You hit the scorpion but do no damage.
The scorpion is moderately wounded.
You feel very sick. The scorpion stings you.
You are lethally poisoned!
The scorpion poisons you!
It was a potion of degeneration.
There was something very wrong with that liquid.
You feel weakened.
You feel dopey.
You feel clumsy.
You feel very sick. The scorpion closely misses you.
It was a potion of flight.
You feel more buoyant.
* * * LOW HITPOINT WARNING * * *
You feel very sick.
The scorpion stings you but does no damage.
The scorpion stings you.
* * * LOW HITPOINT WARNING * * *
As you read the scroll labelled LIRHIUKEAPS, it crumbles to dust.
It is a scroll of enchant weapon.
Your +0 hand axe glows red for a moment.
You die...

.###..#########.)......####......
.# #......)...###......# #......
.# ##########.# #......# #......
.# ###.# #.(....# #...... .##.
..#.# #.#.#.## #...... .##.#
#.#.# #.#.#.# #......
.##.#######.#.# #.#.#.# #......
#.#.....#.#.###.#.#.# ######.
#.#.###.#.#.#.@s..#.# #.
#.#.###.#.#.#.#####.# #.
#.#.........#<......# ##### #.
#....###################...###.
#.................>........+...
#.........##############...####
#.........# #...'... #.........#
#...#### #.........# #.###


You could see a scorpion.

Vanquished Creatures
  A hound (D:4)
  2 adders (D:2)
  A worm (D:2)
  3 dart slugs
  3 orcs (D:3)
  A ball python (D:3)
  3 endoplasms
  8 goblins
  4 kobolds
  A quokka (D:1)
  4 bats
  3 frilled lizards
  3 rats (D:1)
37 creatures vanquished.

Vanquished Creatures (others)
  2 fungi (D:3)
  A plant (D:4)
3 creatures vanquished.

Grand Total: 40 creatures vanquished

Notes
Turn   | Place    | Note
-------+----------+-------------------------------------------
     0 | D:1      | rabbitsville the Hill Orc Monk began the quest for the Orb.
     0 | D:1      | Reached XP level 1. HP: 19/19 MP: 1/1
   174 | D:1      | You fall into a shaft and drop 1 floor!
   296 | D:2      | Reached XP level 2. HP: 27/27 MP: 2/2
   927 | D:1      | Reached skill level 5 in Axes
   929 | D:1      | Reached XP level 3. HP: 24/33 MP: 3/3
  2446 | D:3      | Found a faded altar of an unknown god.
  2828 | D:3      | Reached XP level 4. HP: 41/41 MP: 4/4
  2880 | D:3      | Found a radiant altar of Vehumet.
  2880 | D:3      | Noticed a charred statue
  3358 | D:3      | Found a runed translucent door.
  3367 | D:3      | Noticed CzarTim's ghost (amateur DjGl)
  3396 | D:3      | Noticed a scorpion
  3550 | D:4      | Reached skill level 6 in Axes
  3698 | D:4      | Noticed Edmund
  3780 | D:3      | Succumbed to a scorpion's poison

Illustrated notes

Levels and vault maps discovered:
D:1:      heliophobic_arrival_ceremonial_halls, layout_basic
D:2:      layout_basic, minmay_tetromino_s4
D:3:      layout_basic, vehumet_statue, dreamdust_ecumenical_altar_grove,
          ebering_ghost_sewer_f
D:4:      layout_cave_pods, minmay_temple_entry_gardened_gates, uniq_menkaure,
          uniq_edmund

Skill      XL: |  1  2  3  4 |
---------------+-------------+-----
Fighting       | 4 |  4.6
Axes           | 5 6 |  6.1
Dodging        | |  2.4
Stealth        | |  1.5

Action                   |  1- 3 |  4- 6 || total
-------------------------+-------+-------++-------
Melee: Hand axe          |   123 |    44 ||   167
Throw: Dart              |       |     2 ||     2
  Use: Potion            |     2 |     2 ||     4
       Scroll            |       |     1 ||     1
 Stab: Sleeping          |     5 |       ||     5
Armor: Robe              |     7 |       ||     7
       Leather armour    |    17 |    11 ||    28
       Ring mail         |       |     2 ||     2
Dodge: Dodged            |    60 |    30 ||    90

Table legend: (Time is in decaauts)
 A = Elapsed time spent in this place.
 B = Non-inter-level travel time spent in this place.
 C = Inter-level travel time spent in this place.
 D = Time resting spent in this place.
 E = Time spent auto-exploring this place.
 F = Levels seen in this place.
 G = Mean time per level.
                   A        B        C        D        E       F      G
               +--------+--------+--------+--------+--------+-----+--------+
         Total |   3786 |   3684 |    102 |    700 |   1931 |   4 |  946.5 |
       Dungeon |   3786 |   3684 |    102 |    700 |   1931 |   4 |  946.5 |
               +--------+--------+--------+--------+--------+-----+--------+

Top non-repeatable levels by time:
     D:3: 1222 daAuts
     D:2: 1182 daAuts
     D:1: 1159 daAuts
     D:4: 222 daAuts
